 Dungeon Crawl Stone Soup version 0.27.1-1-g398f81649c (webtiles) character file.

Game seed: 12345778595656031822

37 Tsarbomb the Chopper (level 3, -2/31 HPs)
             Began as a Hill Orc Monk on Sept 6, 2021.
             Slain by Sigmund (16 damage)
             ... on level 2 of the Dungeon.
             The game lasted 00:01:50 (1473 turns).

Tsarbomb the Chopper (Hill Orc Monk)                Turns: 1473, Time: 00:01:50

Health: -2/31      AC:  3    Str: 14    XL:     3   Next: 41%
Magic:  3/3        EV: 12    Int: 10    God:
Gold:   66         SH:  0    Dex: 13    Spells: 2/2 levels left

rFire    . . .     SeeInvis .   a - +0 hand axe
rCold    . . .     Faith    .   (no shield)
rNeg     . . .     Spirit   .   g - +0 leather armour
rPois    .         Reflect  .   (no helmet)
rElec    .         Harm     .   (no cloak)
rCorr    .         Rampage  .   (no gloves)
Will     .....                  (no boots)
Stlth    ++........             (no amulet)
HPRegen  0.10/turn              (no ring)
MPRegen  0.08/turn              (no ring)

@: about to teleport
A: no striking features
a: no special abilities


You were on level 2 of the Dungeon.
You visited 1 branch of the dungeon, and saw 2 of its levels.

You collected 66 gold pieces.

Inventory:

Hand Weapons
 a - a +0 hand axe (weapon)
Armour
 b - a +0 robe
 g - a +0 leather armour (worn)
Scrolls
 d - a scroll of immolation
 h - a scroll of noise {unknown}
Potions
 e - a potion of resistance {unknown}


   Skills:
 - Level 3.6 Fighting
 + Level 5.8 Axes
 - Level 2.4 Dodging
 - Level 1.5 Stealth


You had 2 spell levels left.
You didn't know any spells.
Your spell library was empty.

Dungeon Overview and Level Annotations

Branches:
Dungeon (2/15)

Altars:

Annotations:
D:2 Sigmund


Message History

A kobold comes into view. It is wielding a +0 club.
The kobold shouts!
The kobold throws a stone.
The stone closely misses you.
The kobold throws a stone.
The stone barely misses you. The kobold barely misses you.
You hit the kobold.
You kill the kobold!
A goblin comes into view. It is wielding a +0 dagger.
Things that are here:
a +0 club; 5 stones The goblin hits you with a +0 dagger.
You closely miss the goblin. The goblin hits you with a +0 dagger.
Sigmund the Dreaded comes into view.
He is wielding a +0 scythe.
Sigmund shouts!
You slash the goblin!
You kill the goblin!
Sigmund casts a spell at you. You resist with significant effort.
Things that are here:
a +0 dagger; a goblin corpse You closely miss Sigmund.
Sigmund drinks a potion.
Sigmund seems to grow stronger.
You hit Sigmund.
Sigmund is lightly wounded.
Sigmund hits you with a +0 scythe!
You are too injured to fight recklessly!
You are too injured to fight recklessly!
You are too injured to fight recklessly!
You are too injured to fight recklessly!
You are too injured to fight recklessly!
You are too injured to fight recklessly!
As you read the scroll labelled PIPUXYCLIA, it crumbles to dust.
It is a scroll of identify.
d - a scroll of immolation Sigmund closely misses you.
As you read the scroll labelled YCZIMP NUOTE, it crumbles to dust.
You feel strangely unstable.
It was a scroll of teleportation.
Sigmund hits you from afar with a +0 scythe!
Ouch! That really hurt!
You die...

##............#
......####....####
##.....# ##......#
##...## ###.##.#
##.## #.##.###.#
#.# #........# #.#
####)##### #+# #.#
########@####..
..............#
.####.@##.....#
#.. .....# ....
##..... #....
..### #.### .# #.
## #


You could see Sigmund (strong).

Vanquished Creatures
  2 dart slugs (D:1)
  4 endoplasms (D:1)
  2 giant cockroaches (D:1)
  2 goblins
  A hobgoblin (D:1)
  3 jackals (D:1)
  6 kobolds
  2 quokkas (D:1)
  3 ball pythons (D:1)
  2 bats (D:1)
  2 frilled lizards (D:1)
  A rat (D:1)
30 creatures vanquished.

Notes
Turn   | Place    | Note
-------+----------+-------------------------------------------
     0 | D:1      | Tsarbomb the Hill Orc Monk began the quest for the Orb.
     0 | D:1      | Reached XP level 1. HP: 19/19 MP: 1/1
   516 | D:1      | Reached XP level 2. HP: 26/26 MP: 2/2
   690 | D:1      | Reached skill level 5 in Axes
  1017 | D:1      | Reached XP level 3. HP: 30/31 MP: 3/3
  1076 | D:1      | Found a faded altar of an unknown god.
  1465 | D:2      | Noticed Sigmund
  1473 | D:2      | Slain by Sigmund

Illustrated notes

Levels and vault maps discovered:
D:1:      amcnicky_arrival_wind_blow, layout_basic,
          chequers_ecumenical_altar_simple, serial_park_tiny_pond,
          grunt_decor_arrowhead, st_stairs_7
D:2:      layout_loops_corners, hangedman_decor_push, dk_vineyard_3,
          uniq_sigmund

Skill      XL: |  1  2 |
---------------+-------+-----
Axes           | 5 |  5.8
Fighting       | |  3.6
Dodging        | |  2.4
Stealth        | |  1.5

Action                   || total
-------------------------++-------
Melee: Hand axe          ||    82
  Use: Scroll            ||     2
 Stab: Sleeping          ||     1
Armor: Robe              ||    10
Dodge: Dodged            ||    53
